 Dungeon Crawl Stone Soup version 0.20.0-15-g7f486f2 (webtiles) character file.

9265 kuniqs the Wallflower (level 11, -9/58 HPs)
             Began as a Vine Stalker Venom Mage on June 11, 2017.
             Was a Priest of Uskayaw.
             Killed by divine providence
             ... invoked by an orc priest
              (13 damage)
             ... on level 1 of the Orcish Mines.
             The game lasted 00:21:43 (8326 turns).

kuniqs the Wallflower (Vine Stalker Venom Mage)     Turns: 8326, Time: 00:21:43

Health: -9/58      AC:  9    Str: 14    XL:     11   Next: 43%
Magic:  0/17       EV: 15    Int: 15    God:    Uskayaw [***...]
Gold:   617        SH:  0    Dex: 15    Spells: 11/14 levels left

rFire    . . .     SeeInvis .   M - +2 whip (elec)
rCold    . . .     Gourm    .   (no shield)
rNeg     . . .     Faith    .   B - +2 ring mail {rPois}
rPois    +         Spirit   +   (no helmet)
rElec    .         Reflect  .   b - +0 cloak
rCorr    .         Harm     .   (no gloves)
MR       +....                  (no boots)
Stlth    +.........             g - amulet of regeneration
Regen    1.0/turn               A - ring of wizardry
MPRegen  0.2/turn               a - ring of wizardry

@: no status effects
A: fangs 3, regeneration 1, magic shield, antimagic bite, no potion heal 3, rot
immunity
a: Stomp, Line Pass, Renounce Religion


You were on level 1 of the Orcish Mines.
You worshipped Uskayaw.
Uskayaw was noncommittal.
You were not hungry.

You visited 3 branches of the dungeon, and saw 12 of its levels.
You also visited: Ossuary.

You collected 617 gold pieces.

Inventory:

Hand Weapons
 I - a +1 dagger of venom
 M - a +2 whip of electrocution (weapon)
Armour
 b - a +0 cloak (worn)
 B - a +2 ring mail of poison resistance (worn)
Jewellery
 a - a ring of wizardry (right hand)
 g - an amulet of regeneration (around neck)
 v - an uncursed amulet of rage
 A - a ring of wizardry (left hand)
 D - an uncursed ring of ice
Wands
 u - a wand of lightning (8/15)
 x - a wand of paralysis (16/24)
 C - a wand of digging (11/24)
 K - a wand of flame (12/48)
Scrolls
 c - a scroll of fear
 h - a scroll of enchant armour {unknown}
 i - 3 scrolls of immolation {unknown}
 k - 4 scrolls of identify {@r1}
 l - 5 scrolls of recharging
 m - 2 scrolls of magic mapping
 n - 4 scrolls of remove curse {@r2}
 o - 2 scrolls of enchant weapon {unknown}
 p - 3 scrolls of blinking
 t - a scroll of amnesia {unknown}
 y - 6 scrolls of teleportation
 E - a scroll of fog {unknown}
Potions
 j - 7 potions of curing {@q1}
 q - 3 potions of haste
 r - a potion of lignification {unknown}
 s - a potion of invisibility
 w - a potion of brilliance
 z - a potion of flight
 F - 3 potions of magic
 H - a potion of might
 J - a potion of agility {unknown}
Comestibles
 d - 5 bread rations
 e - 4 meat rations
 f - 22 fruits
 G - 2 royal jellies
 L - a chunk of flesh


   Skills:
 + Level 7.3 Fighting
 + Level 6.7 Short Blades
 + Level 6.7 Armour
 + Level 7.0 Dodging
 - Level 2.4 Stealth
 - Level 2.1 Spellcasting
 - Level 1.0 Conjurations
 - Level 3.0 Poison Magic
 + Level 7.4 Invocations


You had 11 spell levels left.
You knew the following spells:

 Your Spells              Type           Power        Failure   Level  Hunger
a - Sting                 Conj/Pois      #...         5%          1    #......
b - Poisonous Vapours     Pois/Air       #.....       9%          2    ###....


Dungeon Overview and Level Annotations

Branches:
Dungeon (10/15)            Temple (1/1) D:4            Lair (0/6) D:8
    Orc (1/2) D:10

Altars:
Ashenzari
Cheibriados
Dithmenos
Elyvilon
Fedhas
Gozag
Hepliaklqana
Kikubaaqudgha
Makhleb
Nemelex Xobeh
Okawaru
Qazlal
Ru
Sif Muna
Trog
Uskayaw
Vehumet
Xom
Yredelemnul
Zin
The Shining One

Annotations:
D:3 removed's ghost, amateur DEFi
D:7 1 runed door
D:10 Gorglomux's ghost, journeyman OgAr


Innate Abilities, Weirdness & Mutations

You have razor-sharp teeth.
Your natural rate of healing is unusually fast.
When hurt, damage is shared between your health and your magic reserves.
Your bite disrupts and absorbs the magic of your enemies.
Potions cannot restore your health.
You are immune to rotting.


Message History

The troll bites you!
* * * LOW HITPOINT WARNING * * *
The troll barely misses you. The troll misses you. The orc warrior misses you.
The orc priest looks encouraged for a moment.
The cyclops hits you.
* * * LOW HITPOINT WARNING * * *
The orc warrior hits you from afar with a glaive!
* * * LOW HITPOINT WARNING * * *
An orc warrior comes into view. It is wielding an enchanted mace.
The orc warrior shouts!
You hit the cyclops.
You kill the cyclops!
Your Dodging skill increases to level 7!
The troll bites you!
* * * LOW HITPOINT WARNING * * *
The troll closely misses you. The troll claws you but does no damage.
The orc priest closely misses you.
The orc priest calls down the wrath of Beogh upon you.
Beogh smites you!
You die...

###### .$#.##
....####
#....#.##
##...#...# ..
#.....#.#
.oo.##<..#.##
#....oooo.#
#...o.@#.##
#....T##.#
#...o## o
#$....$ .
.$..#.#.
#..... #
....#. ..


You could see a troll, 3 orc warriors, 2 orc priests and 3 orcs.

Vanquished Creatures
  3 two-headed ogres
  Pikel (D:6)
  A cyclops (Orc:1)
  A basilisk (D:8)
  5 yaks (D:8)
  A hungry ghost (D:7)
  The ghost of Gorglomux the Skirmisher, an amateur FoWz (D:4)
  3 porcupines (D:8)
  A water moccasin (D:8)
  3 orc warriors
  4 sky beasts
  A hornet zombie (D:8)
  5 ice beasts
  2 ogres
  A phantom (D:5)
  2 centaurs
  4 crocodiles
  A big kobold (D:7)
  Blork the orc (D:4)
  2 elf zombies (Ossuary)
  6 bullfrogs
  A water moccasin skeleton (D:5)
  10 killer bees
  A scorpion (D:4)
  4 wights (D:7)
  2 howler monkeys
  5 crimson imps
  A centaur zombie (Ossuary)
  5 orc priests
  5 orc wizards
  5 hounds
  2 human zombies (Ossuary)
  Terence (D:2)
  3 bullfrog zombies
  3 centaur skeletons (D:8)
  A jelly (D:5)
  2 bullfrog skeletons (D:4)
  3 iguanas
  7 worker ants
  A big kobold zombie (Ossuary)
  2 hound zombies (Ossuary)
  A hound skeleton (D:5)
  3 mummies (Ossuary)
  A howler monkey zombie (D:6)
  2 worker ant zombies
  A howler monkey skeleton (D:6)
  11 adders
  2 shadow imps
  An ooze (D:6)
  5 adder zombies
  An adder skeleton (D:7)
  2 worms
  A dart slug (D:1)
  15 leopard geckos
  39 orcs
  5 bats
  5 giant cockroaches
  10 goblins
  3 hobgoblins
  4 jackals
  4 quokkas
  6 frilled lizards
  3 goblin zombies (Ossuary)
  4 hobgoblin zombies (Ossuary)
  A jackal zombie (Ossuary)
  9 kobolds
  4 kobold zombies (Ossuary)
  A leopard gecko skeleton (D:8)
  2 orc zombies (Ossuary)
  2 quokka skeletons
  5 quokka zombies (Ossuary)
  3 rats
  5 rat zombies (Ossuary)
274 creatures vanquished.

Vanquished Creatures (others)
  A slave (D:6)
  A hound (D:6)
  An adder (D:6)
  A giant cockroach (D:6)
  A bush (D:8)
  3 fungi (D:8)
  5 plants (D:8)
13 creatures vanquished.

Grand Total: 287 creatures vanquished

Notes
Turn   | Place    | Note
-------+----------+-------------------------------------------
     0 | D:1      | kuniqs the Vine Stalker Venom Mage began the quest for the Orb.
     0 | D:1      | Reached XP level 1. HP: 9/9 MP: 4/4
   244 | D:1      | Reached XP level 2. HP: 14/14 MP: 0/6
   352 | D:1      | Learned a level 2 spell: Poisonous Vapours
   508 | D:1      | Reached skill level 1 in Fighting
   706 | D:1      | Reached XP level 3. HP: 18/18 MP: 2/7
   925 | D:2      | Reached skill level 1 in Armour
  1241 | D:2      | Gained mutation: Your natural rate of healing is unusually fast. [Vine Stalker growth]
  1241 | D:2      | Reached XP level 4. HP: 20/23 MP: 8/8
  1281 | D:2      | Found a shadowy altar of Dithmenos.
  1318 | D:2      | Found an ancient bone altar of Kikubaaqudgha.
  1407 | D:2      | Noticed Terence
  1418 | D:2      | Killed Terence
  1694 | D:3      | Reached XP level 5. HP: 26/26 MP: 6/9
  1794 | D:3      | Noticed removed's ghost (amateur DEFi)
  2522 | D:4      | Found a staircase to the Ecumenical Temple.
  2537 | Temple   | Entered the Ecumenical Temple
  2594 | Temple   | Became a worshipper of Uskayaw the Reveler
  2692 | D:4      | Noticed a sky beast
  2735 | D:4      | Killed a sky beast
  2735 | D:4      | Reached skill level 1 in Invocations
  2735 | D:4      | Reached XP level 6. HP: 25/32 MP: 2/10
  2800 | D:4      | Reached skill level 1 in Short Blades
  2840 | D:4      | Noticed Gorglomux's ghost (amateur FoWz)
  2844 | D:4      | Reached * piety under Uskayaw
  2852 | D:4      | Reached ** piety under Uskayaw
  2866 | D:4      | Reached *** piety under Uskayaw
  2870 | D:4      | Killed Gorglomux's ghost
  2870 | D:4      | Reached XP level 7. HP: 36/36 MP: 11/11
  2870 | D:4      | Reached **** piety under Uskayaw
  2919 | D:4      | Noticed Blork the orc
  2930 | D:4      | Killed Blork the orc
  3244 | D:5      | Entered Level 5 of the Dungeon
  3441 | D:5      | Gained mutation: You have razor-sharp teeth. [Vine Stalker growth]
  3441 | D:5      | Reached XP level 8. HP: 42/42 MP: 5/12
  4350 | D:6      | Noticed Pikel
  4380 | D:6      | Killed Pikel
  4380 | D:6      | Reached skill level 5 in Fighting
  4380 | D:6      | Reached skill level 5 in Dodging
  4380 | D:6      | Reached XP level 9. HP: 47/47 MP: 3/13
  5126 | D:7      | Reached skill level 5 in Invocations
  5259 | D:7      | Reached skill level 5 in Armour
  5367 | D:7      | Found a runed door.
  5367 | D:7      | Noticed a sixfirhy
  5494 | D:7      | Reached XP level 10. HP: 51/53 MP: 15/15
  5816 | D:7      | Reached skill level 5 in Short Blades
  6202 | D:8      | Found a sand-covered staircase.
  6202 | D:8      | Noticed a two-headed ogre
  6245 | D:7      | Killed a two-headed ogre
  6344 | Ossuary  | Entered an ossuary
  6827 | D:8      | Noticed a two-headed ogre
  6880 | D:8      | Killed a two-headed ogre
  6895 | D:8      | Reached XP level 11. HP: 40/58 MP: 4/17
  7027 | D:8      | Found a glowing silver altar of Zin.
  7190 | D:8      | Found a staircase to the Lair.
  7707 | D:9      | Noticed a two-headed ogre
  7729 | D:9      | Killed a two-headed ogre
  7868 | D:9      | Found an opulent altar of Gozag.
  7868 | D:9      | Found a hazy altar of Hepliaklqana.
  8020 | D:10     | Entered Level 10 of the Dungeon
  8106 | D:10     | Noticed Gorglomux's ghost (journeyman OgAr)
  8299 | D:10     | Found a staircase to the Orcish Mines.
  8308 | Orc:1    | Entered Level 1 of the Orcish Mines
  8310 | Orc:1    | Noticed a cyclops
  8326 | Orc:1    | Killed a cyclops
  8326 | Orc:1    | Killed from afar by an orc priest

Skill      XL: |  1  2  3  4  5  6  7  8  9 10 11 |
---------------+----------------------------------+-----
Fighting       | 1 2 3 5 6 7 |  7.3
Dodging        | 2 3 4 5 6 7 |  7.0
Armour         | 1 2 3 4 5 6 |  6.7
Invocations    | 1 2 4 5 6 7 |  7.4
Short Blades   | 1 2 4 6 |  6.7
Stealth        | |  2.4
Spellcasting   | |  2.1
Conjurations   | |  1.0
Poison Magic   | |  3.0

Action                   |  1- 3 |  4- 6 |  7- 9 | 10-12 || total
-------------------------+-------+-------+-------+-------++-------
Melee: Unarmed           |     2 |       |       |       ||     2
       Dagger            |    45 |    85 |   514 |   689 ||  1333
       Bite              |    13 |    28 |   152 |   240 ||   433
       Whip              |       |       |       |    12 ||    12
 Cast: Sting             |    15 |       |       |       ||    15
       Poisonous Vapours |    17 |    17 |    43 |    34 ||   111
 Abil: Evoke Berserk Rag |       |       |       |     1 ||     1
Evoke: Wand              |       |       |       |     8 ||     8
  Use: Scroll            |       |       |    13 |     2 ||    15
       Potion            |       |       |     3 |       ||     3
 Stab: Sleeping          |     1 |       |       |     1 ||     2
       Paralysed         |       |     1 |     5 |    10 ||    16
  Eat: Chunk             |     3 |     6 |    13 |    11 ||    33
       Royal jelly       |       |       |       |     2 ||     2
Armor: Robe              |     6 |     6 |       |       ||    12
       Chain mail        |       |    16 |       |       ||    16
       Ring mail         |       |    10 |   148 |   203 ||   361
Dodge: Dodged            |    39 |    32 |   297 |   448 ||   816
